 Dungeon Crawl Stone Soup version 0.19.5 (webtiles) character file.

338 Monsterracer the Conjurer (level 6, 0/54 HPs)
             Began as a High Elf Conjurer on Oct 26, 2017.
             Succumbed to a kobold's poison
             ... on level 3 of the Dungeon.
             The game lasted 00:05:46 (3494 turns).

Monsterracer the Conjurer (High Elf Conjurer)       Turns: 3494, Time: 00:05:47

Health: 0/54       AC: 23    Str:  7    XL:     6   Next: 29%
Magic:  5/13       EV:  2    Int: 26    God:
Gold:   85         SH:  0    Dex: 22    Spells: 4 memorised, 2 levels left

rFire  + . .     SeeInvis .     d - +2 short sword (speed)
rCold  . . .     Gourm    .     (armour currently unavailable)
rNeg   + + +     Faith    .     (no shield)
rPois  +         Spirit   .     (helmet currently unavailable)
rElec  .         Reflect  .     (cloak currently unavailable)
rCorr  .         Harm     .     (gloves currently unavailable)
MR     .....     NoTele   +     (boots currently unavailable)
Stlth  ++........               (no amulet)
                                p - ring of protection from fire
                                i - +4 ring of dexterity

@: brilliant, lethally poisoned (0 -> 0), tree-form
A: agile 1
a: no special abilities


You were on level 3 of the Dungeon.
You were hungry.
You were a tree.
You visited 1 branch of the dungeon, and saw 3 of its levels.

You collected 85 gold pieces.

Inventory:

Hand Weapons
 d - a +2 short sword of speed (weapon)
Armour
 a - a +0 robe (melded)
Jewellery
 i - a +4 ring of dexterity (left branch)
 p - a ring of protection from fire (right branch)
Wands
 k - a wand of acid (6/15)
Scrolls
 e - 2 scrolls of teleportation
 f - 3 scrolls of enchant armour {unknown}
 h - a scroll of noise {unknown}
 j - 3 scrolls of identify {unknown}
 l - 2 scrolls of remove curse {unknown}
 m - a scroll of fear {unknown}
 n - a scroll of amnesia {unknown}
Books
 b - a book of Conjurations

   Spells                             Type                      Level
   a - Magic Dart                     Conjuration                  1
   b - Searing Ray                    Conjuration                  2
   c - Dazzling Spray                 Conjuration/Hexes            3
   d - Fulminant Prism                Conjuration/Hexes            4
   e - Iskenderun's Mystic Blast      Conjuration                  4
   f - Iskenderun's Battlesphere      Conjuration/Charms           5
Comestibles
 c - 6 bread rations
 q - 3 fruits
 s - 7 chunks of flesh


   Skills:
 - Level 2.1 Dodging
 - Level 2.1 Stealth
 + Level 4.5 Spellcasting
 * Level 6.9 Conjurations
 * Level 2.6 Charms


You had 2 spell levels left.
You knew the following spells:

 Your Spells              Type           Power        Failure   Level  Hunger
a - Magic Dart            Conj           ####         1%          1    None
b - Searing Ray           Conj           ######       1%          2    None
c - Iskenderun's Mystic   Conj           ######..     1%          4    ####...
d - Iskenderun's Battles  Conj/Chrm      #####...     4%          5    #####..


Dungeon Overview and Level Annotations

Branches:
Dungeon (3/15)

Altars:
Ashenzari
Qazlal


Innate Abilities, Weirdness & Mutations

You are agile. (Dex +2)


Message History

Confirm with . or Enter, or press ? or * to list all spells.
Aiming: Searing Ray
Press: ? - help, Shift-Dir - straight line, f/p - Rhok's ghost
Aim: Rhok's ghost (heavily damaged)
The searing ray hits Rhok's ghost.
Rhok's ghost is heavily damaged. (Press . to maintain the ray.) Rhok's ghost misses you.
The searing ray hits Rhok's ghost.
Rhok's ghost is heavily damaged.
Rhok's ghost hits you!
The searing ray hits Rhok's ghost.
Rhok's ghost is severely damaged.
Rhok's ghost hits you!
* * * LOW HITPOINT WARNING * * *
Unknown command.
Rhok's ghost misses you.
A kobold comes into view.
The kobold moves out of view.
Rhok's ghost screams, "Don't try to defend!
You have no chance!"
The kobold wields a blowgun.
The kobold shoots a poisoned needle.
The poisoned needle hits you!
You are lethally poisoned!
You see here a poisoned needle.
* * * LOW HITPOINT WARNING * * *
You feel sick.
It was a potion of beneficial mutation.
You feel agile.
You feel fantastic!
* * * LOW HITPOINT WARNING * * *
You feel sick.
It was a potion of brilliance.
You feel clever all of a sudden.
* * * LOW HITPOINT WARNING * * *
You feel sick. Rhok's ghost misses you.
Unknown command.
It was a potion of lignification.
You turn into a tree.
Your +0 robe melds into your body.
Your roots penetrate the ground.
Rhok's ghost completely misses you.
The kobold unwields an uncursed blowgun.
The kobold hits you but does no damage.
You hit the kobold.
You kill the kobold!
* * * LOW HITPOINT WARNING * * *
You feel sick.
Rhok's ghost hits you but does no damage.
You cannot move.
Casting: Searing Ray
Confirm with . or Enter, or press ? or * to list all spells.
Okay, then.
Casting: Searing Ray
Confirm with . or Enter, or press ? or * to list all spells.
Aiming: Searing Ray
Press: ? - help, Shift-Dir - straight line, f/p - Rhok's ghost
Aim: Rhok's ghost (severely damaged)
The searing ray hits Rhok's ghost.
Rhok's ghost is severely damaged. (Press . to maintain the ray.) Rhok's ghost hits you but does no damage.
The searing ray hits Rhok's ghost.
Rhok's ghost is almost destroyed.
* * * LOW HITPOINT WARNING * * *
You feel sick.
Rhok's ghost hits you but does no damage.
Unknown command.
The searing ray hits Rhok's ghost.
You destroy Rhok's ghost!
Your Charms skill increases to level 2!
You have reached level 6!
Your experience leads to an increase in your attributes!
Your base attributes are Str 7, Int 19, Dex 16.
Increase (S)trength, (I)ntelligence, or (D)exterity?
You feel clever. x2
You finish channeling your searing ray.
* * * LOW HITPOINT WARNING * * *
You feel sick.
* * * LOW HITPOINT WARNING * * *
You feel sick.
You aren't carrying any potions.
Unknown command.
Unknown command.
As you read the scroll labeled COAH QIDUIPLUNO, it crumbles to dust.
You feel a strange sense of stasis.
It was a scroll of teleportation.
There is a lethal amount of poison in your body!
There is a lethal amount of poison in your body!
Unknown command.
* * * LOW HITPOINT WARNING * * *
You feel sick.
You are feeling hungry.
Unknown command.
Unknown command.
Unknown command.
* * * LOW HITPOINT WARNING * * *
You feel sick.
Unknown command.
* * * LOW HITPOINT WARNING * * *
You feel sick.
Unknown command.
Unknown command.
You die...

#.............###..##.##.......#
#.####........# #..##.##.......#
#.# #...###### #.....)........#
#.# #...# #..##.########## #.#
#...# #....(####### .)# ##.##
##.###(.....# ### #)#
#...[....#.##### ##)#
###W.##.##.#......
######..########♣#..##.##.#######
...............)#(...[.##.#
###........##.##.##.#####.#
....#...#..##.##.##.#####.#
##.........##.##K##.......#
###.#..#..###.#.......#####
.##.#.#.#.###.#..####.#
......#.......#..####.#
.##.......#####....##.#


There were no monsters in sight!

Vanquished Creatures
  The ghost of Rhok the Poker, an amateur MfSk (D:3)
  A centaur (D:3)
  Terence (D:2)
  4 gnolls (D:3)
  3 adders
  An ooze (D:2)
  A worm (D:2)
  3 dart slugs
  A leopard gecko (D:1)
  3 giant cockroaches (D:1)
  9 goblins
  8 hobgoblins
  10 jackals
  5 kobolds
  A quokka (D:3)
  7 bats
  3 frilled lizards
  7 rats
69 creatures vanquished.

Notes
Turn   | Place    | Note
-------+----------+-------------------------------------------
     0 | D:1      | Monsterracer the High Elf Conjurer began the quest for the Orb.
     0 | D:1      | Reached XP level 1. HP: 11/11 MP: 4/4
   231 | D:1      | Reached XP level 2. HP: 17/17 MP: 3/6
   235 | D:1      | Learned a level 2 spell: Searing Ray
   765 | D:1      | HP: 7/17 [dart slug/slug dart (6)]
   767 | D:1      | Reached skill level 5 in Conjurations
   900 | D:1      | Reached XP level 3. HP: 17/21 MP: 4/8
  1497 | D:2      | Noticed Terence
  1524 | D:2      | Killed Terence
  1614 | D:2      | Reached XP level 4. HP: 23/27 MP: 6/10
  1628 | D:2      | Learned a level 4 spell: Iskenderun's Mystic Blast
  2136 | D:2      | Found a stormy altar of Qazlal.
  2179 | D:2      | Found a shattered altar of Ashenzari.
  2425 | D:3      | Noticed Rhok's ghost (amateur MfSk)
  2815 | D:3      | Reached skill level 6 in Conjurations
  2823 | D:3      | Reached XP level 5. HP: 31/31 MP: 3/11
  2834 | D:3      | Learned a level 5 spell: Iskenderun's Battlesphere
  3088 | D:3      | Noticed a centaur
  3095 | D:3      | Killed a centaur
  3095 | D:3      | Reached skill level 1 in Charms
  3446 | D:3      | HP: 3/31 [Rhok's ghost (15)]
  3468 | D:3      | HP: 5/31 [poisoned by a kobold]
  3469 | D:3      | Gained mutation: You are agile. (Dex +2) [potion of beneficial mutation]
  3474 | D:3      | HP: 2/46 [poisoned by a kobold]
  3475 | D:3      | Killed Rhok's ghost
  3475 | D:3      | Reached XP level 6. HP: 3/36 MP: 4/13
  3479 | D:3      | HP: 2/54 [poisoned by a kobold]
  3486 | D:3      | HP: 1/54 [poisoned by a kobold]
  3494 | D:3      | Succumbed to a kobold's poison

Skill      XL: |  1  2  3  4  5 |
---------------+----------------+-----
Spellcasting   | 3 4 |  4.5
Conjurations   | 5 6 |  6.9
Charms         | 2 |  2.6
Dodging        | |  2.1
Stealth        | |  2.1

Action                   |  1- 3 |  4- 6 || total
-------------------------+-------+-------++-------
Melee: Unarmed           |     3 |       ||     3
       Short sword       |    22 |    20 ||    42
 Cast: Magic Dart        |    53 |    42 ||    95
       Searing Ray       |     3 |     7 ||    10
       Iskenderun's Myst |       |     3 ||     3
  Use: Potion            |       |     3 ||     3
       Scroll            |       |     1 ||     1
 Stab: Sleeping          |       |     1 ||     1
  Eat: Chunk             |     2 |     6 ||     8
Armor: Robe              |     2 |     3 ||     5
       Skin              |       |     4 ||     4
Dodge: Dodged            |    20 |    35 ||    55

Vault maps used:
D:1:      dpeg_arrival_prison
D:2:      gammafunk_temple_overflow_pools, first_bread,
          kennysheep_generic_room_4, uniq_terence
